Map: Stargazers

Players

PappiJoe

  • Race: Protoss Protoss
  • Spawn Location: 11:00

Geralt (Gerald) - Winner!

  • Race: Protoss Protoss
  • League: Master
  • Spawn Location: 1:00

Event: HomeStory Cup XXII

VOD

Have the link to the VOD?

Description

Time

  • Played on: Dec. 15, 2022, 1:11 p.m.
  • Length: 6:39

All games in this series

Show
View Real Time Build Order
Export as new Build Order

PappiJoe Protoss 

Build Orders:  

Get SALT Encoding   

  12  0:00  Probe  
  13  0:12  Probe  
  14  0:17  Pylon  
  14  0:24  Probe  
  15  0:36  Gateway  
  15  0:39  Probe  
  16  0:46  Pylon  
  16  0:52  Probe  
  17  1:00  Pylon  
  17  1:18  Gateway  
  17  1:19  Gateway  
  17  1:29  Gateway  
  17  1:34  Zealot  
  19  1:45  Gateway  
  19  2:06  Zealot (Chrono Boost)  
  19  2:07  Zealot (Chrono Boost)  
  25  2:18  Zealot (Chrono Boost)  
  25  2:20  Zealot (Chrono Boost)  
  27  2:28  Pylon  
  27  2:29  Pylon  
  27  2:30  Zealot (Chrono Boost)  
  27  2:35  Zealot  
  27  2:36  Zealot  
  33  2:40  Zealot  
  29  2:57  Zealot  
  31  3:02  Zealot  
  31  3:03  Zealot  
  33  3:08  Zealot  
  32  3:24  Zealot  
  32  3:29  Zealot  
  32  3:30  Zealot  
  36  3:35  Zealot  
  38  3:57  Zealot  
  38  3:58  Zealot  
  38  4:00  Zealot  
  38  4:02  Zealot  
  22  4:24  Zealot  
Show
View Real Time Build Order
Export as new Build Order

Geralt Protoss - Winner!

Build Orders: Oracle Opening 

Get SALT Encoding   

  12  0:00  Probe  
  13  0:12  Probe  
  14  0:17  Pylon  
  14  0:24  Probe (Chrono Boost)  
  16  0:37  Probe (Chrono Boost), Gateway  
  16  0:42  Probe (Chrono Boost)  
  16  0:46  Assimilator  
  17  0:51  Probe  
  17  0:54  Assimilator  
  18  1:03  Probe (Chrono Boost)  
  19  1:10  Gateway  
  19  1:16  Probe (Chrono Boost)  
  20  1:21  Probe (Chrono Boost)  
  20  1:24  Cybernetics Core  
  21  1:29  Pylon  
  21  1:31  Probe  
  22  1:43  Probe  
  23  1:52  Pylon  
  23  1:58  Probe  
  23  2:00  Stargate  
  24  2:08  Stalker (Chrono Boost)  
  24  2:10  Probe  
  27  2:32  Shield Battery  
  27  2:34  Shield Battery  
  27  2:35  Stalker (Chrono Boost)  
  27  2:38  Probe  
  22  2:52  Probe  
  23  3:08  Oracle  
  26  3:15  Gateway  
  25  3:32  Pylon  
  25  3:39  Gateway  
  25  3:53  Pylon  
  24  4:09  Void Ray (Chrono Boost)  
Tags
 
League
Master
Matchup
PvP
Replay Pack
hsc22
Spawn Locations
Close Positions
Add a new tag
Caveats
  • Supply blocks, unpowered buildings, or Contaminate may cause inaccurate times.
  • Supply counts are checked every 10 seconds.